 Dungeon Crawl Stone Soup version 0.26-a0-1132-ge9770dfcb6 (webtiles) character file.

Game seed: 15682925413725768347

58 stormannn the Skirmisher (level 3, 0/33 HPs)
             Began as a Minotaur Abyssal Knight on Dec 19, 2020.
             Was a Believer of Lugonu.
             Slain by a sky beast (5 damage)
             ... on level 2 of the Dungeon.
             The game lasted 00:02:09 (897 turns).

stormannn the Skirmisher (Minotaur Abyssal Knight)   Turns: 897, Time: 00:02:10

Health: 0/33       AC:  3    Str: 17    XL:     3   Next: 75%
Magic:  3/3        EV: 16    Int:  9    God:    Lugonu [**....]
Gold:   64         SH:  0    Dex:  9    Spells: 2/2 levels left

rFire    . . .     SeeInvis .   a - +1 spear
rCold    . . .     Faith    .   (no shield)
rNeg     . . .     Spirit   .   b - +0 leather armour
rPois    +         Reflect  .   (helmet restricted)
rElec    .         Harm     .   (no cloak)
rCorr    .         Rampage  .   (no gloves)
Will     .....                  (no boots)
Stlth    +.........             (no amulet)
HPRegen  0.11/turn              c - ring of poison resistance
MPRegen  0.08/turn              d - +4 ring of evasion

@: no status effects
A: retaliatory headbutt, horns 2
a: Renounce Religion, Depart the Abyss, Bend Space


You were on level 2 of the Dungeon.
You worshipped Lugonu.
Lugonu was pleased with you.
You visited 1 branch of the dungeon, and saw 2 of its levels.
You visited the Abyss 1 time.

You collected 64 gold pieces.

Inventory:

Hand Weapons
 a - a +1 spear (weapon)
Armour
 b - a +0 leather armour (worn)
Jewellery
 c - a ring of poison resistance (left hand)
 d - a +4 ring of evasion (right hand)
Scrolls
 f - 3 scrolls of remove curse {unknown}
 h - a scroll of noise {unknown}
Potions
 e - a potion of might {unknown}
 g - a potion of brilliance {unknown}
 i - a potion of ambrosia
 j - 3 potions of curing {unknown}
 k - a potion of berserk rage {unknown}


   Skills:
 + Level 4.0 Fighting
 * Level 3.5 Polearms
 + Level 3.0 Armour
 + Level 1.9 Dodging
 + Level 2.2 Invocations


You had 2 spell levels left.
You didn't know any spells.
Your spell library was empty.

Dungeon Overview and Level Annotations

Branches:
Dungeon (2/15)

Altars:


Innate Abilities, Weirdness & Mutations

You reflexively headbutt those who attack you in melee.
You have a pair of horns on your head.


Message History

Something shocks you.
* * * LOW HITPOINT WARNING * * *
Space bends around you!
You blink.
It was a potion of ambrosia.
You are confused.
You feel invigorated.
Okay, then.
You miss something. Something hits you. Something shocks you.
You feel less invigorated.
You feel less confused. Something hits you but does no damage.
You hit something. Your headbutt misses something. Something hits you.
Something shocks you.
* * * LOW HITPOINT WARNING * * *
A sky beast appears from thin air!
Reactivating autopickup.
The sky beast hits you.
* * * LOW HITPOINT WARNING * * *
The sky beast shocks you.
You die...

.......
#.....##.......
......
.####.....#
.[..... ......
..........#
.... ......
..........#####
......
..............#
......
..###.........#
...... .
#.........#
......
##..Y......#
......
#...@......#
......
##.........#
.....#
##.....####
....## ##.####
....# #.. ....#
#.# ....# #.#
...## #+# ....


You could see a sky beast.

Vanquished Creatures
  An adder (D:2)
  2 oozes
  A dart slug (D:2)
  2 leopard geckos
  5 bats (D:1)
  2 giant cockroaches
  2 goblins (D:1)
  2 hobgoblins
  4 jackals (D:1)
  4 kobolds (D:1)
  5 frilled lizards
  6 rats
36 creatures vanquished.

Vanquished Creatures (others)
  An ufetubus (Abyss:1)
1 creature vanquished.

Grand Total: 37 creatures vanquished

Notes
Turn   | Place    | Note
-------+----------+-------------------------------------------
     0 | Abyss:1  | stormannn the Minotaur Abyssal Knight began the quest for
                  | the Orb.
     0 | Abyss:1  | Reached XP level 1. HP: 19/19 MP: 1/1
    49 | Abyss:1  | Noticed a catoblepas
    49 | Abyss:1  | Noticed a fire crab
    49 | Abyss:1  | Noticed an ice statue
    51 | Abyss:1  | Noticed a smoke demon
    52 | Abyss:1  | Noticed a fire crab
    52 | Abyss:1  | Noticed a wretched star
    53 | D:1      | Escaped the Abyss
   233 | D:1      | Reached XP level 2. HP: 27/27 MP: 2/2
   238 | D:1      | Reached * piety under Lugonu
   474 | D:1      | Reached XP level 3. HP: 31/33 MP: 3/3
   756 | D:2      | Reached skill level 4 in Fighting
   765 | D:2      | Reached ** piety under Lugonu
   874 | D:2      | Noticed a sky beast
   897 | D:2      | Slain by a sky beast

Illustrated notes

Levels and vault maps discovered:
D:1:      scummos_arrival_simple_fountains, layout_basic, grunt_decor_cap,
          hangedman_decor_peaks_small
D:2:      minmay_general_purpose_star, layout_basic, marbit_many_paths,
          lemuel_crystal_altar, tgw_xom, serial_glass, glass_columns_c,
          glass_columns_c

Skill      XL: |  1  2  3 |
---------------+----------+-----
Invocations    | 2 |  2.2
Polearms       | 3 |  3.5
Fighting       | 4 |  4.0
Armour         | 3 |  3.0
Dodging        | |  1.9

Action                   || total
-------------------------++-------
Melee: Spear             ||    83
       Headbutt          ||     8
Invok: Depart the Abyss  ||     1
       Bend Space        ||     1
  Use: Potion            ||     1
Armor: Leather armour    ||    10
Dodge: Dodged            ||    53

Table legend: (Time is in decaauts)
 A = Elapsed time spent in this place.
 B = Non-inter-level travel time spent in this place.
 C = Inter-level travel time spent in this place.
 D = Time resting spent in this place.
 E = Time spent auto-exploring this place.
 F = Levels seen in this place.
 G = Mean time per level.
                   A        B        C        D        E       F      G
               +--------+--------+--------+--------+--------+-----+--------+
         Total |    891 |    868 |     23 |     94 |    589 |   3 |  297.0 |
       Dungeon |    838 |    815 |     23 |     94 |    539 |   2 |  419.0 |
         Abyss |     53 |     53 |      0 |      0 |     50 |   1 |   53.0 |
               +--------+--------+--------+--------+--------+-----+--------+

Top non-repeatable levels by time:
     D:1: 695 daAuts
     D:2: 142 daAuts
 Abyss:1: 53 daAuts
